 Dungeon Crawl Stone Soup version 0.29.0-4-gdea44cf6ec (webtiles) character file.

Game seed: 11290917970926334762

39 qw the Chopper (level 3, -7/21 HPs)
             Began as a Tengu Warper on Aug 28, 2022.
             Mangled by Robin
             ... wielding a +4 mace of protection
              (8 damage)
             ... on level 2 of the Dungeon.
             The game lasted 00:00:05 (1253 turns).

qw the Chopper (Tengu Warper)                       Turns: 1253, Time: 00:00:06

Health: -7/21      AC:  3    Str: 13    XL:     3   Next: 47%
Magic:  7/7        EV: 12    Int: 13    God:
Gold:   56         SH:  0    Dex: 13    Spells: 6/6 levels left

rFire   . . .      SeeInvis .   Y - +0 hand axe
rCold   . . .      Faith    .   (no shield)
rNeg    . . .      Spirit   .   b - +0 leather armour
rPois   .          Reflect  .   (helmet restricted)
rElec   .          Harm     .   (no cloak)
rCorr   .          Rampage  .   (no gloves)
Will    .....                   (boots unavailable)
Stlth   +.........              (no amulet)
HPRegen 0.07/turn               (no ring)
MPRegen 0.10/turn               (no ring)

@: no status effects
A: beak, talons 3
a: no special abilities


You were on level 2 of the Dungeon.
You visited 1 branch of the dungeon, and saw 2 of its levels.

You collected 56 gold pieces.


Innate Abilities, Weirdness & Mutations

You have a beak for a mouth.
You have claws for feet.


   Skills:
 - Level 2.0 Fighting
 + Level 4.2 Axes
 - Level 1.0 Throwing
 - Level 1.1 Armour
 - Level 2.1 Dodging
 - Level 2.0 Spellcasting
 - Level 2.4 Translocations


You had 6 spell levels left.
You didn't know any spells.
Your spell library contained the following spells:

 Spells                   Type           Power      Damage    Failure   Level
 Blink                    Tloc           14%        N/A       19%         2
 Gell's Gravitas          Tloc           7%         N/A       36%         3
 Lesser Beckoning         Tloc           7%         N/A       36%         3
 Teleport Other           Tloc           7%         N/A       36%         3
 Manifold Assault         Tloc           7%         N/A       98%         5

Inventory:

Hand Weapons
 d - a +0 club
 Y - a +0 hand axe (weapon)
Armour
 b - a +0 leather armour (worn)
Scrolls
 a - 2 scrolls of identify
Potions
 h - a potion of curing

Dungeon Overview and Level Annotations

Branches:
Dungeon (2/15)

Altars:

Annotations:
D:2 Robin


Message History

Robin roars a battlecry!
The goblins go into a battle-frenzy!
A goblin comes into view. It is wielding a +0 dagger.
A goblin comes into view. It is wielding a +0 club.
The goblin shouts!
1243 ||| Stepping ~*~*~tactically~*~*~ (hiding).
You barely miss the goblin. You claw the goblin.
You kill the goblin!
You hit the hobgoblin.
You kill the hobgoblin!
You hit the hobgoblin.
You kill the hobgoblin!
Robin throws the goblin at you! The goblin closely misses you.
You barely miss the goblin. Your kick misses the goblin.
Your peck misses the goblin. You hit the hobgoblin. The hobgoblin hits you.
The goblin hits you with a +0 club.
You completely miss the hobgoblin. You claw the hobgoblin.
You kill the hobgoblin!
You closely miss the goblin. You hit the hobgoblin.
The hobgoblin barely misses you. The goblin hits you but does no damage.
The hobgoblin barely misses you.
Robin hits you with a +4 mace of protection.
The goblin hits you with a +0 club.
You closely miss the hobgoblin. You claw the hobgoblin.
You kill the hobgoblin!
You hit Robin but do no damage. You barely miss the goblin.
The goblin barely misses you. Robin throws the goblin at you!
You hit Robin but do no damage. You hit the hobgoblin but do no damage.
You hit the goblin. You barely miss the goblin. The goblin barely misses you.
The goblin completely misses you.
A goblin comes into view. It is wielding a +0 dagger.
The goblin shouts!
You hit the goblin but do no damage.
The goblin is moderately wounded.
You hit the goblin.
You kill the goblin!
You hit the hobgoblin. You hit Robin. The goblin closely misses you.
The hobgoblin hits you.
Robin hits you with a +4 mace of protection!
You die... .ggg# gg.g#

gg..# gg..#
....# .g..#
####gg..+
######g@g....#
##.....)gg...[#
#.............#
##.####.......#
# #.......#
#.......#
#|......# ##
#.......+ ..
###.......# .


You could see Robin, a hobgoblin (strong) and 5 goblins.

Vanquished Creatures
  A dart slug (D:1)
  2 bats (D:1)
  8 endoplasms (D:1)
  A giant cockroach (D:1)
  3 goblins
  8 hobgoblins
  A quokka (D:1)
  2 ball pythons (D:1)
  A frilled lizard (D:1)
  2 kobolds
  3 rats (D:1)
32 creatures vanquished.

Notes
Turn   | Place    | Note
-------+----------+-------------------------------------------
     0 | D:1      | qw the Tengu Warper began the quest for the Orb.
     0 | D:1      | Reached XP level 1. HP: 12/12 MP: 4/4
     0 | D:1      | 0 ||| qw: Version: 0.1-a-89-g26bdef1
     0 | D:1      | 0 ||| qw: Game counter: 3250
     0 | D:1      | 0 ||| qw: Always use a shield: true
     0 | D:1      | 0 ||| qw: God list: Okawaru
     0 | D:1      | 0 ||| qw: Allow faded altars: false
     0 | D:1      | 0 ||| qw: Do Orc after D:15 true
     0 | D:1      | 0 ||| qw: Do second Lair branch before Depths: true
     0 | D:1      | 0 ||| qw: Lair rune preference: random
     0 | D:1      | 0 ||| qw: Plans: Normal
     0 | D:1      | 0 ||| PLANNING D:1-11
    47 | D:1      | 47 ||| Stepping ~*~*~tactically~*~*~ (stealth).
    56 | D:1      | Reached XP level 2. HP: 10/17 MP: 6/6
    58 | D:1      | 58 ||| Stepping ~*~*~tactically~*~*~ (stealth).
    68 | D:1      | 68 ||| Stepping ~*~*~tactically~*~*~ (stealth).
    69 | D:1      | 69 ||| Stepping ~*~*~tactically~*~*~ (stealth).
    75 | D:1      | 75 ||| Stepping ~*~*~tactically~*~*~ (stealth).
    76 | D:1      | 76 ||| Stepping ~*~*~tactically~*~*~ (stealth).
    78 | D:1      | Reached skill level 3 in Axes
    86 | D:1      | 86 ||| Stepping ~*~*~tactically~*~*~ (stealth).
    90 | D:1      | 90 ||| Stepping ~*~*~tactically~*~*~ (stealth).
   101 | D:1      | 101 ||| Stepping ~*~*~tactically~*~*~ (stealth).
   129 | D:1      | 129 ||| Stepping ~*~*~tactically~*~*~ (stealth).
   186 | D:1      | 186 ||| Stepping ~*~*~tactically~*~*~ (stealth).
   258 | D:1      | 258 ||| Stepping ~*~*~tactically~*~*~ (hiding).
   360 | D:1      | 360 ||| Stepping ~*~*~tactically~*~*~ (hiding).
   694 | D:1      | Found a faded altar of an unknown god.
   877 | D:1      | Reached XP level 3. HP: 20/21 MP: 7/7
  1145 | D:1      | 1145 ||| DROPPING ring of wizardry.
  1146 | D:1      | 1146 ||| READING 2 scrolls labelled NUUNAO QETRA.
  1147 | D:1      | 1147 ||| READING scroll labelled FIESSUN JIMA.
  1148 | D:1      | 1148 ||| READING scroll labelled ZUKOKOE ODWI.
  1149 | D:1      | 1149 ||| DRINKING 2 clear potions.
  1150 | D:1      | 1150 ||| DROPPING scroll of blinking.
  1167 | D:2      | 1167 ||| Stepping ~*~*~tactically~*~*~ (stealth).
  1173 | D:2      | Reached skill level 4 in Axes
  1240 | D:2      | 1240 ||| Stepping ~*~*~tactically~*~*~ (stealth).
  1242 | D:2      | Noticed Robin
  1243 | D:2      | 1243 ||| Stepping ~*~*~tactically~*~*~ (hiding).
  1253 | D:2      | HP: 1/21 [hobgoblin[Robin] (6)]
  1253 | D:2      | Mangled by Robin

Levels and vault maps discovered:
D:1:      lightli_arrival_statue_moat, layout_loops_ring,
          shapermc_ecumenical_altar_notcrosses, hangedman_decor_points
D:2:      layout_basic, minivault_26, uniq_robin, uniq_natasha

Skill      XL: |  1  2  3 |
---------------+----------+-----
Axes           | 3 4 |  4.2
Fighting       | |  2.0
Throwing       | |  1.0
Armour         | |  1.1
Dodging        | |  2.1
Spellcasting   | |  2.0
Translocations | |  2.4

Action                   || total
-------------------------++-------
Melee: Hand axe          ||    60
       Kick              ||    16
       Peck              ||     8
Throw: Boomerang         ||     7
  Use: Scroll            ||     3
       Potion            ||     1
Armor: Leather armour    ||    14
Dodge: Dodged            ||    30

Table legend:
 A = Non-vault XP
 B = Vault XP
 C = Vault XP percentage of total XP
 D = Non-vault monster count
 E = Vault monster count
 F = Vault count percentage of total count
                 A         B        C        D         E       F
            +---------+---------+-------+---------+---------+-------
      Total |      47 |      11 |  19.0 |      26 |       6 |  18.8
            +---------+---------+-------+---------+---------+-------
        D:1 |      43 |       0 |   0.0 |      24 |       0 |   0.0
        D:2 |       4 |      11 |  73.3 |       2 |       6 |  75.0
            +---------+---------+-------+---------+---------+-------
